 Dungeon Crawl Stone Soup version 0.24-a0-583-g87330a484a (webtiles) character file.

Game seed: 304557666490816551, levelgen mode: classic

90 G3Kappa the Ducker (level 4, 0/33 HPs)
             Began as a Demonspawn Gladiator on Aug 27, 2019.
             Succumbed to an adder's poison
             ... on level 3 of the Dungeon on Aug 28, 2019.
             The game lasted 00:08:19 (2006 turns).

G3Kappa the Ducker (Demonspawn Gladiator)           Turns: 2006, Time: 00:08:19

Health: 0/33       AC:  7    Str: 15    XL:     4   Next: 32%
Magic:  3/4        EV: 13    Int: 10    God:
Gold:   101        SH:  0    Dex: 14    Spells: 3/3 levels left

rFire    . . .     SeeInvis .   a - +0 trident
rCold    . . .     Gourm    .   (no shield)
rNeg     . . .     Faith    .   b - +0 leather armour
rPois    .         Spirit   +   c - +0 helmet
rElec    .         Reflect  .   i - scarf {Spirit}
rCorr    .         Harm     .   (no gloves)
MR       .....                  e - +2 pair of boots
Stlth    +.........             (no amulet)
HPRegen  0.11/turn              (no ring)
MPRegen  0.09/turn              (no ring)

@: lethally poisoned (0 -> -13)
A: talons 1, powered by pain 1, rot immunity
a: no special abilities


You were on level 3 of the Dungeon.
You were not hungry.

You visited 1 branch of the dungeon, and saw 3 of its levels.

You collected 101 gold pieces.

Inventory:

Hand Weapons
 a - a +0 trident (weapon)
Armour
 b - a +0 leather armour (worn)
 c - a +0 helmet (worn)
 e - a +2 pair of boots (worn)
 g - a +0 cloak
 i - a scarf of spirit shield (worn)
Jewellery
 n - an uncursed ring of ice
Comestibles
 d - a chunk of flesh
 f - 2 rations


   Skills:
 - Level 2.0 Fighting
 + Level 3.4 Polearms
 - Level 1.7 Throwing
 * Level 4.1 Dodging


You had 3 spell levels left.
You didn't know any spells.
Your spell library was empty.

Dungeon Overview and Level Annotations

Branches:
Dungeon (3/15)

Altars:
Dithmenos


Innate Abilities, Weirdness & Mutations

You have sharp toenails.
You sometimes gain a little power by taking damage.
You are immune to rotting.


Message History

* * * LOW HITPOINT WARNING * * *
You are more poisoned.
The adder poisons you!
You miss the adder.
The adder is heavily wounded.
* * * LOW HITPOINT WARNING * * *
You feel sick. The adder bites you.
* * * LOW HITPOINT WARNING * * *
The sky beast flickers out of sight!
Deactivating autopickup; reactivate with Ctrl-A.
You closely miss the adder.
The adder is heavily wounded.
* * * LOW HITPOINT WARNING * * *
You feel sick. The adder bites you but does no damage.
You puncture the adder!
You kill the adder!
* * * LOW HITPOINT WARNING * * *
You feel sick.
You hit the orc but do no damage.
You die...

...%.............
.................
................$
...............o.
.................
.......SS........ #
########..#.#### #
#...#########.#.# .
#......@o.......# ..
.....#####≈..#..######..
... #...+.......... .
...(.##......#..
.........>...(.# +
#...##.........##. #...
#..........§. #...
#.......§#§#.
#.###...#§§§#


You could see an orc.

Vanquished Creatures
  3 adders
  2 worms (D:2)
  2 ball pythons
  9 bats
  2 giant cockroaches
  7 goblins
  6 hobgoblins
  7 jackals (D:2)
  4 kobolds
  6 frilled lizards
  8 rats
56 creatures vanquished.

Notes
Turn   | Place    | Note
-------+----------+-------------------------------------------
     0 | D:1      | G3Kappa the Demonspawn Gladiator began the quest for the
                  | Orb.
     0 | D:1      | Reached XP level 1. HP: 16/16 MP: 1/1
    90 | D:1      | Reached skill level 3 in Dodging
   115 | D:1      | Gained mutation: You have sharp toenails. [demonic
                  | ancestry]
   115 | D:1      | Reached XP level 2. HP: 17/22 MP: 2/2
   772 | D:2      | Gained mutation: You sometimes gain a little power by
                  | taking damage. [demonic ancestry]
   772 | D:2      | Reached XP level 3. HP: 27/27 MP: 3/3
  1314 | D:2      | Upgraded the game from 0.24-a0-582-g4d4af813a0 to
                  | 0.24-a0-583-g87330a484a
  1753 | D:2      | Reached skill level 4 in Dodging
  1753 | D:2      | Gained mutation: You are immune to rotting. [demonic
                  | ancestry]
  1753 | D:2      | Reached XP level 4. HP: 31/33 MP: 4/4
  1924 | D:3      | Found a shadowy altar of Dithmenos.
  1973 | D:3      | Noticed a sky beast
  2005 | D:3      | HP: 1/33 [poisoned by an adder]
  2006 | D:3      | Succumbed to an adder's poison

Levels and vault maps discovered:
D:1:      mrwooster_arrival_statue, layout_rooms
D:2:      layout_basic, serial_co_window_serial, co_window_corner_a,
          co_window_corner_a, co_window_paths_b, co_window_paths_a,
          co_window_corner_a, co_window_of_opportunity_c,
          co_window_of_opportunity_b, co_window_unsneaky_path_c,
          co_window_2corner, co_window_of_opportunity_b, co_window_cross_4,
          co_window_2corner, co_window_sun, glass_columns_c, glass_columns_b,
          glass_columns_c
D:3:      layout_basic, lemuel_coloured_pillars_altar, lemuel_crystal_altar,
          grunt_dithmenos_smoke_and_mirrors, portal_sewer_entry_d,
          minmay_misc_feat_five, kennysheep_generic_room_10

Skill      XL: |  1  2  3 |
---------------+----------+-----
Dodging        | 3 4 |  4.1
Polearms       | 3 |  3.4
Fighting       | |  2.0
Throwing       | |  1.7

Action                   |  1- 3 |  4- 6 || total
-------------------------+-------+-------++-------
Melee: Trident           |   149 |    28 ||   177
Throw: Throwing net      |     5 |       ||     5
  Use: Scroll            |     3 |       ||     3
       Potion            |     3 |       ||     3
 Stab: Sleeping          |     1 |       ||     1
  Eat: Chunk             |     3 |     1 ||     4
Armor: Leather armour    |    64 |    14 ||    78
Dodge: Dodged            |   145 |    19 ||   164

Table legend:
 A = Non-vault XP
 B = Vault XP
 C = Vault XP percentage of total XP
 D = Non-vault monster count
 E = Vault monster count
 F = Vault count percentage of total count
                 A         B        C        D         E       F
            +---------+---------+-------+---------+---------+-------
      Total |     129 |       0 |   0.0 |      56 |       0 |   0.0
            +---------+---------+-------+---------+---------+-------
        D:1 |      35 |       0 |   0.0 |      22 |       0 |   0.0
        D:2 |      64 |       0 |   0.0 |      29 |       0 |   0.0
        D:3 |      30 |       0 |   0.0 |       5 |       0 |   0.0
            +---------+---------+-------+---------+---------+-------
